 Dungeon Crawl Stone Soup version 0.31-b1-22-gc680215f68 (webtiles) character file.

Game seed: 15151605425329507402

697 Arctor the Vexing (level 7, -2/58 HPs)
             Began as a Gnoll Hexslinger on Jan 18, 2024.
             Slain by a yak (10 damage)
             ... on level 5 of the Dungeon.
             The game lasted 00:05:45 (3563 turns).

Arctor the Vexing (Gnoll Hexslinger)                Turns: 3563, Time: 00:05:45

Health: -2/58      AC:  8    Str:  6    XL:     7   Next: 65%
Magic:  22/22      EV: 16    Int: 17    God:
Gold:   307        SH:  0    Dex: 17    Spells: 12/14 levels left

rFire   . . .        b - +1 spear (heavy)
rCold   x . .        (no shield)
rNeg    + . .        g - +1 ring mail of Death Resistance {*Slow rN+ Regen+ MP+9}
rPois   +            x - +1 helmet
rElec   .            l - scarf {repulsion}
rCorr   .            (no gloves)
SInv    .            (no boots)
Will    .....        (no amulet)
Stlth   +++          p - ring of poison resistance
HPRegen 1.09/turn    u - +5 ring of evasion
MPRegen 0.18/turn

%: slow self (1%), repel missiles
@: mighty, weak-willed
A: fangs 1, strong nose, distributed training, thin skeletal structure 1, clever
1, robust 1, cold vulnerability 1
a: no special abilities


You were on level 5 of the Dungeon.
You visited 1 branch of the dungeon, and saw 5 of its levels.

You collected 307 gold pieces.

Inventory:

Hand Weapons
 a - a +1 sling
 b - a +1 heavy spear (weapon)
 t - a +2 dagger of venom
 y - a +4 dagger
Armour
 g - the +1 ring mail of Death Resistance (worn) {*Slow rN+ Regen+ MP+9}
   (You found it on level 2 of the Dungeon)

   rN+:       It protects you from negative energy.
   MP+9:      It affects your magic capacity (+9).
   Regen+:    It increases your rate of health regeneration.
   *Slow:     It may slow you when you take damage.
 l - a scarf of repulsion (worn)
 x - a +1 helmet (worn)
Jewellery
 m - a ring of see invisible
 p - a ring of poison resistance (left hand)
 u - a +5 ring of evasion (right hand)
Talismans
 v - a blade talisman
Scrolls
 d - a scroll of amnesia {unknown}
 h - 3 scrolls of fog
 i - a scroll of revelation {unknown}
 o - a scroll of poison
 q - a scroll of teleportation
 r - a scroll of identify {unknown}
 w - a scroll of vulnerability
 A - a scroll of immolation {unknown}
 B - a scroll of acquirement {unknown}
Potions
 f - 2 potions of curing
 k - 3 potions of brilliance {unknown}
 n - 2 potions of ambrosia {unknown}
 s - 2 potions of heal wounds {unknown}
 z - a potion of resistance {unknown}


   Skills:
 + Level 3.8 Fighting
 + Level 2.7 Short Blades
 + Level 2.7 Long Blades
 + Level 2.7 Axes
 + Level 2.7 Maces & Flails
 + Level 2.7 Polearms
 + Level 2.7 Staves
 + Level 5.4 Ranged Weapons
 + Level 2.7 Throwing
 + Level 2.7 Armour
 + Level 5.4 Dodging
 + Level 2.7 Stealth
 + Level 2.7 Shields
 + Level 2.7 Unarmed Combat
 + Level 4.0 Spellcasting
 + Level 2.2 Conjurations
 + Level 5.9 Hexes
 + Level 2.2 Summonings
 + Level 2.2 Necromancy
 + Level 2.2 Translocations
 + Level 3.1 Fire Magic
 + Level 2.2 Ice Magic
 + Level 2.2 Air Magic
 + Level 2.2 Earth Magic
 + Level 2.2 Alchemy
 + Level 3.0 Invocations
 + Level 2.7 Evocations
 + Level 2.4 Shapeshifting


You had 12 spell levels left.
You knew the following spells:

 Your Spells              Type           Power      Damage    Failure   Level
a - Jinxbite              Hex            46%        N/A       8%          2

Your spell library contained the following spells:

 Spells                   Type           Power      Damage    Failure   Level
 Sigil of Binding         Hex            23%        N/A       16%         3
 Inner Flame              Hex/Fire       18%        N/A       26%         3
 Cause Fear               Hex            11%        N/A       45%         4
 Dimensional Bullseye     Hex/Tloc       8%         N/A       71%         4


Dungeon Overview and Level Annotations

Branches:
Dungeon (5/15)
 Temple: D:4-7

Altars:
Fedhas
Trog


Innate Abilities, Weirdness & Mutations

You have very sharp teeth.
Your uncanny sense of smell can sniff out nearby items.
Your experience applies equally to all skills.
You have a somewhat thin skeletal structure. (Dex +2, Stealth+)
Your mind is acute. (Int +4, Str/Dex -1)
You are robust. (+10% HP)
You are vulnerable to cold. (rC-)


Message History

The yak is moderately wounded.
The yak seems less drained.
The yak completely misses you. The yak barely misses you. The yak gores you!
You hit the yak but do no damage.
The yak is moderately wounded.
The yak gores you but does no damage. x2; The yak barely misses you.
Unknown command.
You hit the yak.
The yak is moderately wounded.
A giggling sprite leaps out and makes the yak trip over its own hooves.
The yak is heavily wounded.
The jinxing sprites lose interest in you.
The yak gores you. The yak barely misses you.
You hit the yak. You bite the yak, but do no damage.
The yak is heavily wounded.
The yak misses you. The yak closely misses you. The yak gores you!
It was a potion of magic.
Magic courses through your body.
The yak seems less drained.
The yak completely misses you. The yak gores you.
* * * LOW HITPOINT WARNING * * *
It was a potion of might.
You feel very mighty all of a sudden. The yak completely misses you.
The yak gores you.
* * * LOW HITPOINT WARNING * * *
You puncture the yak! You bite the yak.
The yak is severely wounded.
The yak gores you.
* * * LOW HITPOINT WARNING * * *
The yak gores you but does no damage. The yak closely misses you.
Unknown command.
It was a potion of curing.
You feel better. The yak barely misses you. The yak gores you!
* * * LOW HITPOINT WARNING * * *
It was a potion of mutation.
You feel extremely strange.
You feel clever.
You feel vulnerable to cold.
Your bones become slightly less dense.
You feel robust. The yak closely misses you. The yak misses you.
You barely miss the yak. You bite the yak, but do no damage.
The yak is severely wounded.
The yak gores you!
You die...

#............###
#........
#..............#
#........
##############.#
#........ #.#
#........ #.#
####..... #.##
#.....
#######..###
#.....
########Y###
#.....
°.......Y@##
#.....
############
#.....
°.○○○$$$$$##
#.....
############
#..)..
############
#..... #.....
###### # #


You could see 2 yaks.

Vanquished Creatures
  2 phantoms
  2 scorpions (D:5)
  A bombardier beetle (D:5)
  A hound (D:5)
  2 orc priests
  2 iguanas
  Terence (D:3)
  2 orc wizards
  Robin (D:4)
  4 adders
  A white imp (D:5)
  3 ribbon worms
  3 dart slugs
  18 orcs
  2 bats (D:1)
  3 endoplasms
  3 giant cockroaches
  16 goblins
  5 hobgoblins
  3 jackals (D:2)
  9 quokkas
  9 ball pythons
  2 frilled lizards (D:2)
  4 kobolds
  5 rats
104 creatures vanquished.

Notes
Turn   | Place    | Note
-------+----------+-------------------------------------------
     0 | D:1      | Arctor the Gnoll Hexslinger began the quest for the Orb.
     0 | D:1      | Reached XP level 1. HP: 17/17 MP: 4/4
    52 | D:1      | Reached XP level 2. HP: 22/23 MP: 5/5
   552 | D:2      | Learned a level 2 spell: Jinxbite
   594 | D:2      | Reached XP level 3. HP: 7/28 MP: 4/7
   697 | D:2      | Reached skill level 1 in Invocations
   795 | D:2      | Identified the +1 ring mail of Death Resistance {*Slow rN+
                  | Regen+ MP+9}
   999 | D:2      | Reached skill level 1 in Short Blades
   999 | D:2      | Reached skill level 1 in Long Blades
   999 | D:2      | Reached skill level 1 in Axes
   999 | D:2      | Reached skill level 1 in Maces & Flails
   999 | D:2      | Reached skill level 1 in Polearms
   999 | D:2      | Reached skill level 1 in Staves
   999 | D:2      | Reached skill level 1 in Throwing
   999 | D:2      | Reached skill level 1 in Armour
   999 | D:2      | Reached skill level 1 in Stealth
   999 | D:2      | Reached skill level 1 in Shields
   999 | D:2      | Reached skill level 1 in Unarmed Combat
   999 | D:2      | Reached skill level 1 in Evocations
  1530 | D:2      | Reached skill level 1 in Shapeshifting
  1530 | D:2      | Reached XP level 4. HP: 34/34 MP: 8/8
  1883 | D:3      | Reached skill level 1 in Conjurations
  1883 | D:3      | Reached skill level 1 in Summonings
  1883 | D:3      | Reached skill level 1 in Necromancy
  1883 | D:3      | Reached skill level 1 in Translocations
  1883 | D:3      | Reached skill level 1 in Ice Magic
  1883 | D:3      | Reached skill level 1 in Air Magic
  1883 | D:3      | Reached skill level 1 in Earth Magic
  1883 | D:3      | Reached skill level 1 in Alchemy
  1944 | D:3      | Noticed Terence
  1958 | D:3      | Killed Terence
  2035 | D:3      | Reached XP level 5. HP: 40/40 MP: 9/9
  2322 | D:4      | Noticed Robin
  2359 | D:4      | Killed Robin
  2755 | D:4      | Noticed a phantom
  2777 | D:4      | Killed a phantom
  2778 | D:4      | Reached skill level 5 in Ranged Weapons
  2778 | D:4      | Reached skill level 5 in Dodging
  2778 | D:4      | Reached XP level 6. HP: 47/47 MP: 11/11
  2991 | D:4      | Found a bloodstained altar of Trog.
  2998 | D:4      | Found a blossoming altar of Fedhas.
  3028 | D:5      | Entered Level 5 of the Dungeon
  3137 | D:5      | Reached XP level 7. HP: 52/52 MP: 12/12
  3420 | D:5      | Noticed a yak
  3421 | D:5      | Noticed a yak
  3421 | D:5      | Noticed a yak
  3421 | D:5      | Noticed a yak
  3422 | D:5      | Noticed a yak
  3562 | D:5      | Gained mutation: Your mind is acute. (Int +4, Str/Dex -1)
                  | [potion of mutation]
  3562 | D:5      | Gained mutation: You are vulnerable to cold. (rC-) [potion
                  | of mutation]
  3562 | D:5      | Gained mutation: You have a somewhat thin skeletal
                  | structure. (Dex +2, Stealth+) [potion of mutation]
  3562 | D:5      | Gained mutation: You are robust. (+10% HP) [potion of
                  | mutation]
  3563 | D:5      | Slain by a yak

Illustrated notes

Levels and vault maps discovered:
D:1:      nicolae_arrival_memento_mori, layout_rooms
D:2:      layout_basic
D:3:      layout_basic, grunt_ministairs_1, uniq_terence
D:4:      layout_cave_pools, amethyst_overflow_temple_binary, uniq_robin
D:5:      lemuel_ice_spiral_2, layout_basic, abandoned_shop,
          minmay_misc_feat_five

Skill      XL: |  1  2  3  4  5  6  7 |
---------------+----------------------+-----
Fire Magic     | 2 3 |  3.1
Invocations    | 1 2 3 |  3.0
Short Blades   | 1 2 |  2.7
Long Blades    | 1 2 |  2.7
Axes           | 1 2 |  2.7
Maces & Flails | 1 2 |  2.7
Polearms       | 1 2 |  2.7
Staves         | 1 2 |  2.7
Throwing       | 1 2 |  2.7
Armour         | 1 2 |  2.7
Stealth        | 1 2 |  2.7
Shields        | 1 2 |  2.7
Unarmed Combat | 1 2 |  2.7
Evocations     | 1 2 |  2.7
Shapeshifting  | 1 2 |  2.4
Spellcasting   | 3 4 |  4.0
Conjurations   | 1 2 |  2.2
Summonings     | 1 2 |  2.2
Necromancy     | 1 2 |  2.2
Translocations | 1 2 |  2.2
Ice Magic      | 1 2 |  2.2
Air Magic      | 1 2 |  2.2
Earth Magic    | 1 2 |  2.2
Alchemy        | 1 2 |  2.2
Fighting       | 3 |  3.8
Ranged Weapons | 5 |  5.4
Dodging        | 5 |  5.4
Hexes          | |  5.9

Action                     |  1- 3 |  4- 6 |  7- 9 || total
---------------------------+-------+-------+-------++-------
  Melee: Spear             |       |   133 |    81 ||   214
         Bite              |       |    13 |     7 ||    20
         Dagger            |       |    31 |       ||    31
         Punch             |       |     1 |     1 ||     2
   Fire: Sling             |   137 |    13 |       ||   150
   Cast: Jinxbite          |     8 |     8 |     3 ||    19
    Use: Potion            |       |       |     4 ||     4
         Scroll            |       |       |     3 ||     3
   Stab: Sleeping          |       |     1 |       ||     1
 Armour: Robe              |    12 |       |       ||    12
         Ring mail         |    26 |   150 |    73 ||   249
  Dodge: Dodged            |    53 |   137 |   100 ||   290
